 Dungeon Crawl Stone Soup version 0.28-a0-1395-g4f6bc678fa (webtiles) character file.

Game seed: 13755066836710444863

292 vineage the Skirmisher (level 6, -1/39 HPs)
             Began as a Gargoyle Fighter on Jan 4, 2022.
             Killed by nerve-wracking pain
             ... invoked by an orc priest
              (6 damage)
             ... on level 4 of the Dungeon.
             The game lasted 00:03:41 (3912 turns).

vineage the Skirmisher (Gargoyle Fighter)           Turns: 3912, Time: 00:03:42

Health: -1/39      AC: 16    Str: 20    XL:     6   Next: 33%
Magic:  6/6        EV:  6    Int:  8    God:
Gold:   223        SH:  0    Dex: 11    Spells: 5/5 levels left

rFire   . . .      SeeInvis .   i - +1 mace (holy)
rCold   . . .      Faith    .   c - +0 buckler
rNeg    + . .      Spirit   .   j - +0 plate armour
rPois   ∞          Reflect  .   (no helmet)
rElec   +          Harm     .   (no cloak)
rCorr   .          Rampage  .   (no gloves)
Will    .....                   (no boots)
Stlth   ..........              (no amulet)
HPRegen 0.13/turn               (no ring)
MPRegen 0.10/turn               (no ring)

@: confused, hasted, very quick
A: sickness immunity, AC +4, negative energy resistance 1, electricity
resistance, torment resistance 1, petrification resistance
a: no special abilities


You were on level 4 of the Dungeon.
You visited 1 branch of the dungeon, and saw 4 of its levels.

You collected 223 gold pieces.

Inventory:

Hand Weapons
 i - a +1 mace of holy wrath (weapon)
Armour
 b - a +0 scale mail
 c - a +0 buckler (worn)
 j - a +0 plate armour (worn)
Wands
 e - a wand of acid (7)
Scrolls
 d - a scroll of fear
 h - a scroll of torment


   Skills:
 + Level 4.7 Fighting
 + Level 3.5 Maces & Flails
 + Level 4.7 Armour
 + Level 4.6 Shields


You had 5 spell levels left.
You didn't know any spells.
Your spell library contained the following spells:

 Spells                   Type           Power      Damage    Failure   Level
 Sandblast                Erth           0%         2d4       100%        1
 Blink                    Tloc           0%         N/A       100%        2
 Corpse Rot               Necr/Air       0%         N/A       100%        2
 Passwall                 Tmut/Erth      0%         N/A       100%        2
 Poisonous Vapours        Pois/Air       0%         N/A       100%        2
 Stone Arrow              Conj/Erth      0%         3d7       100%        3
 Manifold Assault         Tloc           0%         N/A       100%        5
 Storm Form               Tmut/Air       0%         N/A       100%        7


Dungeon Overview and Level Annotations

Branches:
Dungeon (4/15)
 Temple: D:4-7

Altars:

Shops:
D:1 (:?*(


Innate Abilities, Weirdness & Mutations

You are immune to sickness and miasma.
Your stone body is resilient. (AC +4)
You are immune to poison.
You resist negative energy. (rN+)
You are resistant to electric shocks. (rElec)
You are resistant to unholy torment.
You are immune to petrification.


Message History

Something hits you but does no damage.
You barely miss something.
You hear some strange, mumbled words.
A puff of flame appears from out of thin air!
The puff of flame hits you but does no damage.
You bump into the rock wall.
Something hits you but does no damage. x2
You bump into the rock wall.
You hear some strange, mumbled words.
You are more confused.
The orc priest calls down the wrath of Beogh upon you.
Beogh smites you!
* * * LOW HITPOINT WARNING * * *
You bump into the rock wall.
Something hits you but does no damage.
You hear some strange, mumbled words.
A magic dart appears from out of thin air!
The magic dart hits you but does no damage.
You feel yourself speed up. Something hits you but does no damage.
You closely miss something. Something hits you but does no damage.
You bump into the rock wall.
Something hits you but does no damage. x2
You bump into the rock wall.
You bump into the rock wall.
An orc wizard appears from thin air!
Reactivating autopickup.
The orc wizard casts a spell at you.
You are more confused.
You're too confused to move!
The orc wizard gestures at you while chanting.
The puff of flame misses you.
You closely miss the orc wizard.
The orc wizard is severely wounded.
The orc wizard hits you with a +0 club.
* * * LOW HITPOINT WARNING * * *
You thump the orc wizard!
You kill the orc wizard!
You closely miss the orc priest. The orc priest barely misses you.
You bump into the rock wall.
You closely miss the orc priest. The orc priest barely misses you.
You completely miss the orc priest.
The orc priest calls down the wrath of Beogh upon you.
Pain shoots through your body!
You die...

***** *,*,..######..#
*,* *,,,..........#
*** **,,..#####...#
*,**** #...# *,* ###.#
*,****#### #.# ####
*,,,,,,..# #.# ...#
*******#.# #.# ...#
#@# #.# ...#****** #o#
#.# #..>.,,,,**
##.###.#
***##**,,,#####...##.#
*,,,........)..#
*,,,######.##### *****
#.# #.# #.#


You could see an orc priest.

Vanquished Creatures
  A scorpion (D:3)
  An orc wizard (D:4)
  3 gnolls (D:4)
  3 adders
  A howler monkey skeleton (D:4)
  An adder skeleton (D:4)
  3 worms
  4 dart slugs
  8 orcs
  5 ball pythons
  6 bats
  6 endoplasms
  16 giant cockroaches
  10 goblins
  6 hobgoblins
  7 jackals (D:1)
  6 quokkas
  4 frilled lizards
  9 kobolds
  6 rats
106 creatures vanquished.

Vanquished Creatures (others)
  6 demonic plants (D:1)
  4 fungi (D:1)
  2 plants (D:1)
  3 withered plants (D:1)
15 creatures vanquished.

Grand Total: 121 creatures vanquished

Notes
Turn   | Place    | Note
-------+----------+-------------------------------------------
     0 | D:1      | vineage the Gargoyle Fighter began the quest for the Orb.
     0 | D:1      | Reached XP level 1. HP: 14/14 MP: 1/1
     4 | D:1      | Noticed a death yak
     7 | D:1      | Found a faded altar of an unknown god.
    17 | D:1      | Found Qysodega's Magic Scroll Emporium.
    52 | D:1      | Found Lioginof's Assorted Antiques.
    60 | D:1      | Reached XP level 2. HP: 14/19 MP: 2/2
   345 | D:1      | Reached XP level 3. HP: 23/23 MP: 3/3
   619 | D:1      | You fall into a shaft and drop 1 floor!
   729 | D:2      | Reached XP level 4. HP: 25/29 MP: 4/4
   861 | D:1      | Found Fiwoib's Antique Weapon Emporium.
   904 | D:1      | Found Fuponu's Book Shoppe.
   980 | D:1      | Found Ulyx's Weapon Shop.
  1938 | D:3      | Noticed a scorpion
  2214 | D:3      | Killed a scorpion
  2215 | D:3      | Reached XP level 5. HP: 2/34 MP: 5/5
  2216 | D:3      | HP: 1/34 [orc (1)]
  3690 | D:4      | Reached XP level 6. HP: 29/39 MP: 6/6
  3912 | D:4      | Killed from afar by an orc priest

Illustrated notes

Levels and vault maps discovered:
D:1:      sevenhm_arrival_forest_fort_small_2, layout_loops_cross,
          shapermc_ecumenical_altar_gd, serial_shops,
          nicolae_shop_advertising_works [nicolae_subvault_shop_adworks], shop,
          shop, shop, nicolae_shop_trees
D:2:      minmay_roachtagon, layout_basic
D:3:      layout_loops_ring
D:4:      layout_loops_ring, grunt_temple_overflow_order_and_chaos_2

Skill      XL: |  1  2  3  4 |
---------------+-------------+-----
Fighting       | 4 |  4.7
Armour         | 4 |  4.7
Shields        | 4 |  4.6
Maces & Flails | 3 |  3.5

Action                   |  1- 3 |  4- 6 || total
-------------------------+-------+-------++-------
Melee: Flail             |   115 |   118 ||   233
       Mace              |       |   123 ||   123
  Use: Potion            |       |     3 ||     3
       Scroll            |       |     6 ||     6
Armor: Scale mail        |    96 |    94 ||   190
       Plate armour      |       |    43 ||    43
Dodge: Dodged            |    63 |    89 ||   152
Block: Buckler           |    25 |    69 ||    94

Table legend: (Time is in decaauts)
 A = Elapsed time spent in this place.
 B = Non-inter-level travel time spent in this place.
 C = Inter-level travel time spent in this place.
 D = Time resting spent in this place.
 E = Time spent auto-exploring this place.
 F = Levels seen in this place.
 G = Mean time per level.
                   A        B        C        D        E       F      G
               +--------+--------+--------+--------+--------+-----+--------+
         Total |   4001 |   3904 |     97 |    630 |   2487 |   4 | 1000.2 |
       Dungeon |   4001 |   3904 |     97 |    630 |   2487 |   4 | 1000.2 |
               +--------+--------+--------+--------+--------+-----+--------+

Top non-repeatable levels by time:
     D:2: 1635 daAuts
     D:1: 926 daAuts
     D:3: 924 daAuts
     D:4: 514 daAuts
